 Dungeon Crawl Stone Soup version bcrawl-1.19-7-g22fd707d3b (webtiles) character file.

Game seed: 9923953130340843314

90 Bnni the Skirmisher (level 4, -8/37 HPs)
             Began as a Hill Orc Fighter on Nov 18, 2019.
             Mangled by an ogre
             ... wielding a cursed -2 giant club
              (13 damage)
             ... on level 2 of the Dungeon.
             The game lasted 00:03:15 (1731 turns).

Bnni the Skirmisher (Hill Orc Fighter)              Turns: 1731, Time: 00:03:16

Health: -8/37      AC:  8    Str: 19    XL:     4   Next: 56%
Magic:  4/4        EV:  9    Int:  8    God:
Gold:   165        SH:  1    Dex: 10    Spells: 3/3 levels left

rFire    . . .     SeeInvis .   a - +0 long sword
rCold    . . .     Gourm    .   (no shield)
rNeg     . . .     Faith    .   b - +0 scale mail
rPois    .         Spirit   .   l - +0 hat
rElec    .         Reflect  .   (no cloak)
rCorr    .         Harm     .   (no gloves)
MR       .....                  (no boots)
Stlth    ..........             e - amulet of the acrobat
HPRegen  0.12/turn              (no ring)
MPRegen  0.09/turn              (no ring)

@: no status effects
A: icy blue scales 1, blink, deterioration 1, frail 1
a: Blink


You were on level 2 of the Dungeon.
You were not hungry.

You visited 1 branch of the dungeon, and saw 2 of its levels.

You collected 165 gold pieces.

Inventory:

Hand Weapons
 a - a +0 long sword (weapon)
Missiles
 h - 70 poisoned needles
Armour
 b - a +0 scale mail (worn)
 c - a +0 shield
 l - a +0 hat (worn)
Jewellery
 e - an amulet of the acrobat (around neck)
Scrolls
 i - 2 scrolls of teleportation {unknown}
 k - a scroll of remove curse {unknown}
 m - 3 scrolls of identify {unknown}
 n - a scroll of blinking {unknown}
 q - a scroll of enchant armour {unknown}
Potions
 d - a potion of might
 g - a potion of berserk rage {unknown}
 j - 2 potions of mutation
 o - a potion of curing {unknown}
 p - a potion of agility {unknown}
Comestibles
 f - a ration {!d}
 r - a chunk of flesh


   Skills:
 * Level 5.4 Fighting
   Level 5.4 Short Blades
   Level 5.4 Long Blades
   Level 5.4 Axes
   Level 5.4 Maces & Flails
   Level 5.4 Polearms
   Level 5.4 Staves
 - Level 3.3 Armour
 - Level 3.3 Shields
   Level 5.4 Unarmed Combat


You had 3 spell levels left.
You didn't know any spells.
Your spell library was empty.

Dungeon Overview and Level Annotations

Branches:
Dungeon (2/12)

Altars:


Innate Abilities, Weirdness & Mutations

You are partially covered in icy blue scales. (AC +2)
You can translocate small distances at will.
Your body sometimes deteriorates upon taking damage.
You are frail. (-10% HP)


Message History

You now have 165 gold pieces (gained 18).
Found a rapier.
An ogre comes into view. It is wielding a -2 giant club.
The ogre hits you with a cursed -2 giant club!
You slash the ogre!
The ogre is heavily wounded.
You hit the ogre.
The ogre is severely wounded.
The ogre hits you with a cursed -2 giant club!!
Ouch! That really hurt!
* * * LOW HITPOINT WARNING * * *
You are too injured to fight recklessly!
It was a potion of mutation.
You feel extremely strange.
You feel jittery.
You feel frail.
You feel yourself wasting away.
Icy blue scales grow over part of your body.
The ogre barely misses you.
Unknown command.
You fail to use your ability.
The ogre hits you with a cursed -2 giant club!
You die...

.........).....#
......##########
.)..........#
..........#.#
......###.#.#
#.<.........#
...).####.########
#.#).............#
.....####.######@#
#.#.......# #O#
..#..#.#..# #.#
###..#.#..# #.#
#..#.##.# #.#
###..#.####.# #.#
..(........... #..
###..#.####.## ###
#..#...


You could see an ogre.

Vanquished Creatures
  An ooze (D:2)
  7 worms
  2 dart slugs
  4 leopard geckos
  5 bats
  2 giant cockroaches (D:1)
  8 goblins
  7 hobgoblins
  A ball python (D:2)
  2 frilled lizards
  14 kobolds
  2 rats (D:1)
55 creatures vanquished.

Notes
Turn   | Place    | Note
-------+----------+-------------------------------------------
     0 | D:1      | Bnni the Hill Orc Fighter began the quest for the Orb.
     0 | D:1      | Reached XP level 1. HP: 20/20 MP: 1/1
    30 | D:1      | Reached XP level 2. HP: 13/28 MP: 2/2
   480 | D:1      | Reached XP level 3. HP: 29/34 MP: 3/3
  1087 | D:1      | Reached skill level 5 in Fighting
  1336 | D:2      | Reached XP level 4. HP: 30/42 MP: 4/4
  1726 | D:2      | Noticed an ogre
  1730 | D:2      | Gained mutation: You can translocate small distances at
                  | will. [potion of mutation]
  1730 | D:2      | Gained mutation: You are frail. (-10% HP) [potion of
                  | mutation]
  1730 | D:2      | Gained mutation: Your body sometimes deteriorates upon
                  | taking damage. [potion of mutation]
  1730 | D:2      | Gained mutation: You are partially covered in icy blue
                  | scales. (AC +2) [potion of mutation]
  1731 | D:2      | Mangled by an ogre

Skill      XL: |  1  2  3 |
---------------+----------+-----
Fighting       | 5 |  5.4
Short Blades   | |  5.4
Long Blades    | |  5.4
Axes           | |  5.4
Maces & Flails | |  5.4
Polearms       | |  5.4
Staves         | |  5.4
Armour         | |  3.3
Shields        | |  3.3
Unarmed Combat | |  5.4

Action                   |  1- 3 |  4- 6 || total
-------------------------+-------+-------++-------
Melee: Long sword        |   118 |    66 ||   184
       Punch             |     2 |     5 ||     7
  Use: Potion            |       |     1 ||     1
  Eat: Chunk             |     1 |     2 ||     3
Armor: Scale mail        |    33 |    20 ||    53
Dodge: Dodged            |    58 |    29 ||    87
Block: Shield            |     7 |       ||     7
       Other             |     3 |       ||     3
